 Dungeon Crawl Stone Soup version 0.31-a0-1227-g0136665373 (webtiles) character file.

Game seed: 16796153068294602561

3069 Iich the Cleaver (level 9, -5/71 HPs)
             Began as a Demonspawn Fighter on Dec 14, 2023.
             Was a Believer of Cheibriados.
             Slain by a tengu warrior
             ... wielding a +2 long sword of flaming
              (16 damage)
             ... on level 8 of the Dungeon.
             The game lasted 00:17:51 (6643 turns).

Iich the Cleaver (Demonspawn Fighter)               Turns: 6643, Time: 00:17:51

Health: -5/71      AC: 11    Str: 21 (23) XL:     9   Next: 58%
Magic:  8/10       EV: 14    Int: 10      God:    Cheibriados [**....]
Gold:   598        SH:  6    Dex: 26 (27) Spells: 8/8 levels left

rFire   . . .        a - +0 war axe
rCold   . . .        c - +0 buckler
rNeg    + . .        b - +0 scale mail
rPois   +            r - +1 helmet "Binwo" {Harm rN+ Regen+}
rElec   .            l - +0 cloak
rCorr   .            (no gloves)
SInv    .            (no boots)
Will    +....        x - amulet of magic regeneration
Stlth   ++           P - ring of poison resistance
HPRegen 1.11/turn    C - ring of willpower
MPRegen 0.52/turn

%: harm (+30% outgoing, +20% incoming)
@: about to teleport, very slow
A: icy blue scales 1, powered by death 1, weakness stinger 2, thin skeletal
structure 1, agile 2, MP-powered wands
a: Renounce Religion, Bend Time


You were on level 8 of the Dungeon.
You worshipped Cheibriados.
Cheibriados was pleased with you.
You visited 2 branches of the dungeon, and saw 9 of its levels.
You also visited: Ossuary.

You collected 598 gold pieces.

Inventory:

Hand Weapons
 a - a +0 war axe (weapon)
Missiles
 y - 3 poisoned darts
 z - 6 curare-tipped darts (quivered)
Armour
 b - a +0 scale mail (worn)
 c - a +0 buckler (worn)
 l - a +0 cloak (worn)
 r - the +1 helmet "Binwo" (worn) {Harm rN+ Regen+}
   (You found it on level 3 of the Dungeon)

   rN+:       It protects you from negative energy.
   Regen+:    It increases your rate of health regeneration.
   Harm:      It increases damage dealt and taken.
Jewellery
 e - a ring of magical power
 v - a ring of poison resistance
 w - a +6 ring of intelligence
 x - an amulet of magic regeneration (around neck)
 C - a ring of willpower (right hand)
 P - a ring of poison resistance (left hand)
Talismans
 h - a talisman of death
Wands
 A - a wand of roots (15)
 B - a wand of flame (19)
 D - a wand of quicksilver (7)
Scrolls
 k - a scroll of enchant armour
 m - a scroll of amnesia
 t - 5 scrolls of teleportation
 u - a scroll of fog
 E - a scroll of enchant weapon
 F - a scroll of noise
Potions
 d - 2 potions of might
 f - a potion of heal wounds {unknown}
 j - a potion of attraction {unknown}
 n - a potion of lignification
 o - a potion of enlightenment
 p - a potion of berserk rage {unknown}
 G - a potion of invisibility {unknown}
 H - a potion of degeneration


   Skills:
 + Level 6.9 Fighting
 * Level 8.3 Axes
 - Level 2.8 Throwing
 - Level 2.6 Armour
 + Level 5.5 Dodging
 - Level 2.6 Shields
 + Level 2.2 Invocations
 + Level 2.1 Shapeshifting


You had 8 spell levels left.
You didn't know any spells.
Your spell library contained the following spells:

 Spells                   Type           Power      Damage    Failure   Level
 Apportation              Tloc           0%         N/A       78%         1
 Necrotise                Necr           0%         1d4       78%         1
 Summon Small Mammal      Summ           0%         N/A       78%         1
 Blink                    Tloc           0%         N/A       89%         2
 Lesser Beckoning         Tloc           0%         N/A       89%         2
 Momentum Strike          Conj/Tloc      0%         3d8       89%         2
 Poisonous Vapours        Pois/Air       0%         N/A       89%         2
 Sublimation of Blood     Necr           0%         N/A       89%         2
 Gell's Gravitas          Tloc           0%         N/A       98%         3
 Mephitic Cloud           Conj/Pois/Air  0%         N/A       98%         3
 Teleport Other           Tloc           0%         N/A       98%         3
 Petrify                  Tmut/Erth      0%         N/A       100%        4
 Freezing Cloud           Conj/Ice/Air   0%         6-21      100%        5
 Irradiate                Conj/Tmut      0%         3d11      100%        5


Dungeon Overview and Level Annotations

Branches:
Dungeon (8/15)             Temple (1/1) D:6         Ossuary (visited)
   Lair: D:8-11

Altars:
Ashenzari
Cheibriados
Dithmenos
Gozag
Hepliaklqana
Kikubaaqudgha
Makhleb
Qazlal
Ru
Sif Muna
Trog
Uskayaw
Vehumet
Wu Jian
Xom
Yredelemnul
Lugonu

Shops:
D:7 [


Innate Abilities, Weirdness & Mutations

You are partially covered in icy blue scales. (AC +2)
You regenerate a little health from kills.
You have a tail ending in a sharp stinger.
You have a somewhat thin skeletal structure. (Dex +2, Stealth+)
You are very agile. (Dex +8, Str/Int -2)
You expend magic power (3 MP) to strengthen your wands.


Message History

You regained 3 hp, and now have 47/71 hp.
You barely miss the tengu warrior.
The tengu warrior is moderately wounded.
The tengu warrior hits you with a +2 long sword of flaming!
* * * LOW HITPOINT WARNING * * *
The tengu warrior burns you.
* * * LOW HITPOINT WARNING * * *
The tengu warrior pecks you.
* * * LOW HITPOINT WARNING * * *
The tengu warrior misses you.
You take 24 damage, and have 23/71 hp. !!!!--MASSIVE DAMAGE--!!!!
Aiming: Fastroot
Press: ? - help, Q - select action, (/) - cycle Shift-Dir - straight line You feel a surge of power!
The roots erupt in riotous growth!
Roots grab the tengu warrior.
The grasping roots constrict the tengu warrior.
You hear a shout!
The tengu warrior hits you with a +2 long sword of flaming.
* * * LOW HITPOINT WARNING * * *
The tengu warrior burns you.
* * * LOW HITPOINT WARNING * * *
The tengu warrior pecks you but does no damage.
The tengu warrior claws you but does no damage.
You take 6 damage, and have 17/71 hp.
You now have 7/10 mp.
Unknown command.
You feel better.
The grasping roots constrict the tengu warrior.
The tengu warrior hits you with a +2 long sword of flaming!
* * * LOW HITPOINT WARNING * * *
The tengu warrior burns you.
* * * LOW HITPOINT WARNING * * *
The tengu warrior closely misses you.
The tengu warrior claws you but does no damage.
You take 7 damage, and have 10/71 hp.
As you read the scroll of teleportation, it crumbles to dust.
You feel strangely unstable.
The grasping roots constrict the tengu warrior.
The roots release their grip on the tengu warrior.
The tengu warrior hits you with a +2 long sword of flaming!
You die...

≈≈≈. ...♣
#.#'##.....#
####
..........#
≈≈≈♣#
.........#
~≈≈≈# #
........#
~~≈≈# #.
.......#
~~≈≈# ..
......#
.~~~#
#'##)Q...#
..~~#
#..|@....#
..♣♣#
#..#.....#
..... #.
#.....#
..♣♣# #
#.....# ..~~
#.....#
.~~~#
#.....#
~S≈≈#
#.....#
#.....#
#####.....#


You could see a tengu warrior.

Vanquished Creatures
  A hornet (D:7)
  Eustachio (D:6)
  4 water moccasins
  A black bear (D:8)
  An orc warrior (D:8)
  3 ogres
  2 centaurs
  2 kobold brigands
  3 bullfrogs
  3 scorpions
  A gnoll sergeant (D:8)
  2 killer bees (D:8)
  An electric eel (D:8)
  An orc priest (D:8)
  A hound (D:4)
  5 jellies
  2 gnoll boudas
  3 sleepcaps
  5 iguanas
  4 orc wizards
  8 mummies (Ossuary)
  11 gnolls
  7 adders
  2 shadow imps
  3 white imps
  5 ufetubi
  3 worms
  4 dart slugs
  12 orcs
  7 endoplasms
  A giant cockroach (D:2)
  4 hobgoblins
  10 jackals
  6 quokkas
  4 ball pythons
  4 bats
  3 frilled lizards
  A gnoll zombie (Ossuary)
  A goblin (D:2)
  3 hobgoblin zombies (Ossuary)
  17 kobolds
  4 kobold zombies (Ossuary)
  3 rats (D:3)
169 creatures vanquished.

Notes
Turn   | Place    | Note
-------+----------+-------------------------------------------
     0 | D:1      | Iich the Demonspawn Fighter began the quest for the Orb.
     0 | D:1      | Reached XP level 1. HP: 18/18 MP: 1/1
    15 | D:1      | Reached skill level 2 in Axes
    68 | D:1      | Gained mutation: You have a small tail. [demonic ancestry]
    68 | D:1      | Reached XP level 2. HP: 17/24 MP: 2/2
   627 | D:2      | Reached skill level 1 in Dodging
   631 | D:2      | Gained mutation: You are partially covered in icy blue
                  | scales. (AC +2) [demonic ancestry]
   631 | D:2      | Reached XP level 3. HP: 26/29 MP: 3/3
   841 | D:2      | Reached skill level 3 in Axes
  1089 | D:3      | Reached XP level 4. HP: 31/35 MP: 4/4
  1432 | D:3      | Identified the +1 helmet "Binwo" {Harm rN+ Regen+}
  1783 | D:3      | Found a hazy altar of Hepliaklqana.
  2076 | D:4      | Found a shimmering blue altar of Sif Muna.
  2178 | D:4      | Gained mutation: You have a tail ending in a sharp stinger.
                  | [demonic ancestry]
  2178 | D:4      | Reached XP level 5. HP: 35/42 MP: 5/5
  2644 | D:5      | Entered Level 5 of the Dungeon
  2674 | D:5      | Reached skill level 4 in Axes
  2690 | D:5      | Gained mutation: You regenerate a little health from kills.
                  | [demonic ancestry]
  2690 | D:5      | Reached XP level 6. HP: 30/48 MP: 6/6
  3178 | D:5      | Found a broken altar of Ashenzari.
  3223 | D:5      | Noticed a water moccasin
  3234 | D:5      | Killed a water moccasin
  3235 | D:5      | Reached skill level 5 in Axes
  3235 | D:5      | Reached XP level 7. HP: 51/55 MP: 7/7
  3498 | D:6      | Reached skill level 5 in Fighting
  3761 | D:6      | Found a burning altar of Makhleb.
  3770 | D:6      | Reached skill level 6 in Axes
  3839 | D:6      | Found a radiant altar of Vehumet.
  3853 | D:6      | Reached skill level 1 in Throwing
  3853 | D:6      | Reached XP level 8. HP: 46/63 MP: 8/8
  3955 | D:6      | Noticed Eustachio
  3990 | D:6      | Killed Eustachio
  4297 | D:6      | Found a staircase to the Ecumenical Temple.
  4308 | Temple   | Entered the Ecumenical Temple
  4378 | Temple   | Became a worshipper of Cheibriados the Contemplative
  4634 | D:7      | Noticed a hornet
  4641 | D:7      | Paralysed by a hornet for 1 turns
  4712 | D:7      | Reached skill level 7 in Axes
  4921 | D:7      | Found Vouhul's Armour Emporium.
  5086 | D:7      | Killed a hornet
  5087 | D:7      | Reached XP level 9. HP: 70/70 MP: 9/9
  5107 | D:7      | Found a sacrificial altar of Ru.
  5171 | D:7      | Found a bloodstained altar of Trog.
  5368 | D:7      | Reached skill level 5 in Dodging
  5368 | D:7      | Reached skill level 1 in Shapeshifting
  5670 | D:8      | Found an opulent altar of Gozag.
  5737 | D:8      | Reached * piety under Cheibriados
  5770 | D:8      | Found an ornate altar of the Wu Jian Council.
  5960 | D:8      | Found a sand-covered staircase.
  5967 | Ossuary  | Entered an ossuary
  6124 | Ossuary  | Gained mutation: You are agile. (Dex +4, Str/Int -1)
                  | [potion of mutation]
  6124 | Ossuary  | Gained mutation: You are very agile. (Dex +8, Str/Int -2)
                  | [potion of mutation]
  6124 | Ossuary  | Gained mutation: Your flesh is cold resistant. (rC+)
                  | [potion of mutation]
  6124 | Ossuary  | Gained mutation: You have a pair of small antennae on your
                  | head. [potion of mutation]
  6126 | Ossuary  | Lost mutation: Your flesh is cold resistant. (rC+) [potion
                  | of mutation]
  6126 | Ossuary  | Lost mutation: You have a pair of small antennae on your
                  | head. [potion of mutation]
  6126 | Ossuary  | Gained mutation: You have a somewhat thin skeletal
                  | structure. (Dex +2, Stealth+) [potion of mutation]
  6126 | Ossuary  | Gained mutation: You expend magic power (3 MP) to
                  | strengthen your wands. [potion of mutation]
  6260 | D:8      | Reached skill level 8 in Axes
  6268 | D:8      | Reached skill level 1 in Invocations
  6303 | D:8      | Identified the ring of the Garden {MP+9 Str+6}
  6303 | D:8      | Noticed a tengu warrior
  6569 | D:8      | Reached ** piety under Cheibriados
  6643 | D:8      | Slain by a tengu warrior

Illustrated notes

Levels and vault maps discovered:
D:1:      saegor_arrival_simple_b, layout_rooms, chequers_serial_rivers_micro_a
D:2:      layout_rooms
D:3:      layout_loops_ring, worldfamousw_hep_ancestral_shrine
D:4:      layout_cave_pods, mainiacjoe_overflow_catwalk
D:5:      layout_basic, evilmike_ruin_ashenzari, minmay_strange_pillars,
          kennysheep_potato
D:6:      layout_loops_ring, mainiacjoe_overflow_six_doors_small,
          nicolae_vehumet_radiance, minmay_temple_entry_fiery, uniq_eustachio
D:7:      layout_basic, mainiacjoe_overflow_paths, lemuel_tele_altar,
          serial_shops, nicolae_shop_tiny_real_fake_doors
D:8:      nzn_winding_woodlands_large [nzn_winding_woodlands_5x5_closed_star,
          nzn_winding_woodlands_5x15_split_checker,
          nzn_winding_woodlands_hourglass,
          nzn_winding_woodlands_center_triple_pond,
          nzn_winding_woodlands_15x15_eel_pit,
          nzn_winding_woodlands_center_diamonds,
          nzn_winding_woodlands_5x5_perimeter,
          nzn_winding_woodlands_5x15_pathside_ponds,
          nzn_winding_woodlands_5x5_checkerboard], layout_gridville,
          mainiacjoe_overflow_brackets, gammafunk_temple_overflow_statue,
          lightli_ossuary_entry_decrepit_ruins
Temple:   corrupted_temple

Skill      XL: |  1  2  3  4  5  6  7  8  9 |
---------------+----------------------------+-----
Axes           | 2 3 4 5 6 7 8 |  8.3
Dodging        | 1 2 3 4 5 |  5.5
Fighting       | 4 5 6 |  6.9
Throwing       | 1 2 |  2.8
Shapeshifting  | 2 |  2.1
Invocations    | 2 |  2.2
Armour         | |  2.6
Shields        | |  2.6

Action                     |  1- 3 |  4- 6 |  7- 9 || total
---------------------------+-------+-------+-------++-------
  Melee: War axe           |   110 |   150 |   326 ||   586
         Tailslap          |     9 |    21 |    55 ||    85
  Evoke: Wand              |       |       |     6 ||     6
    Use: Scroll            |     1 |       |    12 ||    13
         Potion            |       |     3 |     6 ||     9
   Stab: Paralysed         |       |       |     4 ||     4
         Sleeping          |       |       |     2 ||     2
 Armour: Scale mail        |    84 |   113 |   264 ||   461
  Dodge: Dodged            |    52 |    74 |   200 ||   326
  Block: Buckler           |    30 |    36 |    94 ||   160

Table legend: (Time is in decaauts)
 A = Elapsed time spent in this place.
 B = Non-inter-level travel time spent in this place.
 C = Inter-level travel time spent in this place.
 D = Time resting spent in this place.
 E = Time spent auto-exploring this place.
 F = Levels seen in this place.
 G = Mean time per level.
                   A        B        C        D        E       F      G
               +--------+--------+--------+--------+--------+-----+--------+
         Total |   7332 |   7088 |    244 |    273 |   4858 |  10 |  733.2 |
       Dungeon |   7001 |   6757 |    244 |    273 |   4734 |   8 |  875.1 |
        Temple |     90 |     90 |      0 |      0 |      0 |   1 |   90.0 |
       Ossuary |    241 |    241 |      0 |      0 |    123 |   1 |  241.0 |
               +--------+--------+--------+--------+--------+-----+--------+

Top non-repeatable levels by time:
     D:7: 1353 daAuts
     D:8: 1052 daAuts
     D:6: 1041 daAuts
     D:5: 835 daAuts
     D:3: 820 daAuts
     D:4: 820 daAuts
     D:2: 569 daAuts
     D:1: 506 daAuts
 Ossuary: 241 daAuts
  Temple: 90 daAuts
